 Dungeon Crawl Stone Soup version 0.20.1-1-g8b1a95d (webtiles) character file.

132405 letownia2 the Severer (level 16, 42/144 HPs)
             Began as a Deep Dwarf Necromancer on Nov 14, 2017.
             Was an Initiate of Gozag.
             Quit the game on level 1 of the Shoals.
             The game lasted 01:56:03 (34893 turns).

letownia2 the Severer (Deep Dwarf Necromancer)     Turns: 34893, Time: 01:56:03

Health: 42/144     AC: 12    Str: 20    XL:     16   Next: 57%
Magic:  39/39      EV: 18    Int: 20    God:    Gozag
Gold:   988        SH:  0    Dex: 15    Spells: 16/35 levels left

rFire    + . .     SeeInvis +   a - +8 quarterstaff of the Scroll {flame, rF+ MP+9 Dex+2}
rCold    + . .     Gourm    +   (shield currently unavailable)
rNeg     + . .     Faith    .   A - +1 ring mail {rC+}
rPois    .         Spirit   .   B - +1 helmet {SInv}
rElec    .         Reflect  .   y - scarf {cloud immunity}
rCorr    .         Harm     .   G - +1 pair of gloves
MR       ++...                  (no boots)
Stlth    +.........             P - amulet of the gourmand
Regen    0.0/turn               w - +5 ring of strength
MPRegen  0.3/turn               o - +4 ring of evasion

@: non-regenerating
A: damage resistance, heal wounds, negative energy resistance 1, sense
surroundings 2, no regeneration
a: Heal Wounds, Potion Petition, Call Merchant, Bribe Branch, Renounce Religion


You were on level 1 of the Shoals.
You worshipped Gozag.
Gozag was pleased with you.
You were not hungry.

You visited 6 branches of the dungeon, and saw 26 of its levels.
You also visited: Labyrinth.

You collected 8957 gold pieces.
You spent 410 gold pieces at shops.
You paid 7559 gold pieces to Gozag.

Inventory:

Hand Weapons
 a - the +8 quarterstaff of the Scroll (weapon) {flame, rF+ MP+9 Dex+2}
   (You took it off a minotaur in a labyrinth)

   It has been specially enchanted to burn those struck by it, causing extra
   injury to most foes and up to half again as much damage against particularly
   susceptible opponents.
   It affects your dexterity (+2).
   It protects you from fire.
   It affects your magic capacity (+9).
 b - a +2 demon trident of venom
 m - a +1 war axe of electrocution
 r - a +2 demon trident
 s - a +7 flail of holy wrath
 t - a +2 battleaxe of flaming
 u - a +5 executioner's axe of chopping
Missiles
 F - 23 javelins (quivered)
 L - 6 throwing nets
Armour
 n - a +2 chain mail of magic resistance
 y - a scarf of cloud immunity (worn)
 A - a +1 ring mail of cold resistance (worn)
 B - a +1 helmet of see invisible (worn)
 G - a +1 pair of gloves (worn)
 Z - a +0 scale mail
Magical Staves
 e - an uncursed staff of poison
 J - an uncursed staff of air
 V - an uncursed staff of energy
Jewellery
 o - a +4 ring of evasion (right hand)
 w - a +5 ring of strength (left hand)
 D - an uncursed ring of protection from fire
 E - an uncursed ring of resist corrosion
 P - an amulet of the gourmand (around neck)
 S - an uncursed ring of protection from fire
Wands
 c - a wand of scattershot (0/9)
 f - a wand of iceblast (8/15)
 q - a wand of lightning (7/15)
 H - a wand of polymorph (10/24)
 I - a wand of paralysis (12/24)
 R - a wand of clouds (0/9)
 U - a wand of confusion (10/48)
Scrolls
 d - a scroll of enchant weapon
 i - a scroll of identify
 p - 7 scrolls of teleportation
 K - 9 scrolls of remove curse
 O - 2 scrolls of fog
Potions
 g - 3 potions of invisibility
 h - 3 potions of lignification
 j - 4 potions of agility
 k - 2 potions of curing
 l - 5 potions of ambrosia
 v - 7 potions of flight
 x - 3 potions of resistance
 z - 7 potions of brilliance
 C - 3 potions of might
 M - 3 potions of haste
 N - a potion of heal wounds
 Q - a potion of cancellation
 T - a potion of berserk rage
Miscellaneous
 X - a box of beasts
Comestibles
 W - 17 bread rations
 Y - a meat ration


   Skills:
 - Level 9.1 Fighting
 - Level 17.1 Axes
 - Level 6.6 Armour
 - Level 5.0 Dodging
 - Level 2.4 Stealth
 - Level 10.3 Spellcasting
 - Level 2.1 Conjurations
 - Level 1.9 Hexes
 - Level 3.2 Charms
 + Level 14.7 Necromancy
 - Level 2.3 Translocations
 - Level 2.0 Fire Magic
 - Level 5.0 Air Magic
 - Level 4.0 Poison Magic
 - Level 3.7 Evocations


You had 16 spell levels left.
You knew the following spells:

 Your Spells              Type           Power        Failure   Level  Hunger
a - Pain                  Necr           ####         1%          1    None
c - Conjure Flame         Conj/Fire      ###.....     13%         3    None
e - Mephitic Cloud        Conj/Pois/Air  ####....     7%          3    None
l - Song of Slaying       Chrm           ###.....     4%          2    None
p - Poisonous Vapours     Pois/Air       ####..       2%          2    None
t - Shroud of Golubria    Chrm/Tloc      ###.......   4%          2    None
v - Vampiric Draining     Necr           ######....   1%          3    None
x - Spectral Weapon       Hex/Chrm       ###.....     11%         3    None


Dungeon Overview and Level Annotations

Branches:
Dungeon (15/15)            Temple (1/1) D:7            Lair (6/6) D:11
 Shoals (1/4) Lair:2       Spider (0/4) Lair:2        Slime (0/5) Lair:6
    Orc (2/2) D:11            Elf (1/3) Orc:2        Vaults (0/5) D:13
 Depths: D:15

Altars:
Ashenzari
Cheibriados
Dithmenos
Elyvilon
Fedhas
Gozag
Hepliaklqana
Kikubaaqudgha
Makhleb
Nemelex Xobeh
Okawaru
Qazlal
Ru
Sif Muna
Trog
Uskayaw
Vehumet
Xom
Yredelemnul
Zin
The Shining One
Beogh
Jiyva

Shops:
D:7 !   D:9 *   D:10 (!   D:14 (   Orc:1 ?   Orc:2 %%[*   Lair:2 (*[(*

Annotations:
D:7 Ymberto's ghost, novice HuHu
D:15 Agnes
Lair:3 1 exclusion
Lair:5 exclusion: 2 oklob plants, Linguinho's ghost, journeyman TrHu
Lair:6 1 runed door


Innate Abilities, Weirdness & Mutations

You are resistant to damage.
You can heal yourself by infusing magical energy.
You resist negative energy. (rN+)
You passively map the area around you.
You do not regenerate.


Message History

2 sling bullets; 4 tomahawks Unknown command.
Unknown command.
Things that are here:
a sling bullet; a tomahawk You enter the shallow water.
Moving in this stuff is going to be slow.
You enter the shallow water.
Moving in this stuff is going to be slow.
Key pressed, stopping explore.
You enter the shallow water.
Moving in this stuff is going to be slow.
Magic restored.
You enter the shallow water.
Moving in this stuff is going to be slow.
A snapping turtle comes into view.
A snapping turtle is nearby!
Put on which piece of jewellery? (? for menu, Esc to quit)
Okay, then.
Are you sure you want to abandon this character and quit the game? (Confirm with "yes".) ≈ ≈ ≈≈ ** ≈≈≈≈ .≈ ≈ ≈.≈≈PP≈≈≈ ≈≈≈≈≈≈≈ , ≈.. .≈PP≈≈≈≈≈ ≈≈≈≈≈≈ ≈ ≈ tPPP

##..P≈≈ ≈≈ ≈≈≈≈≈≈≈ , ,
...P##.PP≈≈ ≈ ≈≈≈≈≈..≈ ,*
..P.PP≈P≈., , .≈≈≈≈≈.. ,
...P≈PP≈. * ..≈≈≈≈≈. ≈
,##P≈≈P≈.# #.≈≈... ≈ ≈
#...≈≈.@## #.≈≈... ≈
.....P≈≈.## #...≈.. ,
,..≈≈≈≈≈≈..# #...... ≈
≈≈≈≈≈≈≈≈≈.## ##..... ≈
≈≈≈P≈≈≈≈≈≈.### ####.. ≈ ≈
≈≈≈≈≈≈≈≈≈≈≈..### ###. ,
≈≈≈≈≈≈≈≈≈≈≈≈≈...## #... ,
≈.≈≈≈≈≈≈≈≈≈≈≈≈≈..#####...
≈,
≈≈≈≈≈≈≈≈≈≈≈≈≈...##.#...


You could see a snapping turtle (sleeping).

Vanquished Creatures
  An orc warlord (Orc:2)
  Nessos (D:13)
  The ghost of Ymberto the Fighter, a journeyman HuHu of Okawaru (D:12)
  A merfolk impaler (Shoals:1)
  A minotaur (Lab)
  4 hydras
  Harold (Lair:2)
  A catoblepas (D:12)
  Erolcha (D:12)
  6 two-headed ogres
  2 merfolk aquamancers (Shoals:1)
  A centaur warrior (D:12)
  Urug (D:15)
  2 tengu warriors
  5 orc high priests (Orc:2)
  A shadow wraith (D:13)
  2 sea snakes (Shoals:1)
  7 orc knights
  2 deep elf magi
  A necromancer (D:13)
  The ghost of dstrtn the Covert, a novice SpAM of Trog (Lab)
  4 orc sorcerers
  3 harpies (Shoals:1)
  4 cyclopes
  2 manticores
  A faun (shapeshifter) (D:14)
  14 ugly things
  6 fauns (Shoals:1)
  A black mamba (Lair:4)
  4 elephants
  A merfolk siren (Shoals:1)
  32 spiny frogs
  6 centaur skeletons
  2 gargoyles
  8 rime drakes
  3 komodo dragons
  A tengu conjurer (D:12)
  A redback zombie (D:15)
  8 merfolk
  9 trolls
  A polar bear (Lair:2)
  2 slime creatures
  5 tyrant leeches (Lair:6)
  19 blink frogs
  8 dream sheep
  13 hippogriffs
  2 snapping turtles
  Sigmund (D:2)
  4 water elementals
  2 shadows (D:12)
  2 spriggans (Lair:1)
  2 vampires
  41 yaks
  5 wyverns
  4 basilisks
  2 wraiths
  10 steam dragons (Lair:3)
  13 vampire mosquitoes
  3 hungry ghosts
  An acid dragon (Lair:3)
  4 wargs
  Edmund (D:5)
  14 water moccasins
  7 porcupines
  42 orc warriors
  6 ice beasts
  3 sky beasts
  A black bear (D:9)
  2 eyes of draining (D:13)
  11 ogres
  5 phantoms
  A wolf (shapeshifter) (D:15)
  10 wolves
  8 centaurs
  14 crocodiles
  Blork the orc (D:6)
  3 big kobolds
  2 gnoll sergeants
  33 bullfrogs
  A wyvern skeleton (D:12)
  A water moccasin skeleton (D:5)
  6 scorpions
  3 troll zombies (D:11)
  13 wights
  12 killer bees
  4 howler monkeys
  5 jellies
  3 centaur zombies
  5 crimson imps
  4 bullfrog zombies
  18 orc wizards
  6 hounds
  21 orc priests
  An iguana (D:6)
  18 worker ants
  5 ogre zombies (D:11)
  The ghost of letownia2 the Grave Robber, a weakling DDNe (D:4)
  A hound zombie (D:5)
  18 gnolls
  A howler monkey skeleton (D:10)
  20 adders
  6 shadow imps
  3 adder skeletons
  2 worms
  6 dart slugs
  7 leopard geckos
  95 orcs
  13 giant cockroaches
  9 goblins
  9 hobgoblins
  10 jackals
  22 kobolds
  3 quokkas
  2 ball pythons
  9 bats
  3 frilled lizards
  A goblin skeleton (D:11)
  A hobgoblin skeleton (D:11)
  5 hobgoblin zombies (D:11)
  2 jackal skeletons
  A leopard gecko skeleton (D:4)
  4 orc skeletons (D:11)
  14 orc zombies (D:11)
  A quokka skeleton (D:9)
  9 rats
  A fungus (Lair:6)
  3 plants
869 creatures vanquished.

Vanquished Creatures (collateral kills)
  2 ugly things (D:14)
2 creatures vanquished.

Vanquished Creatures (others)
  A rime drake (Lair:3)
  An orc wizard (D:4)
  14 fungi
  38 plants
54 creatures vanquished.

Grand Total: 925 creatures vanquished

Notes
Turn   | Place    | Note
-------+----------+-------------------------------------------
     0 | D:1      | letownia2 the Deep Dwarf Necromancer began the quest for the Orb.
     0 | D:1      | Reached XP level 1. HP: 15/15 MP: 3/3
    71 | D:1      | Reached XP level 2. HP: 22/22 MP: 0/5
   188 | D:2      | Reached skill level 5 in Necromancy
   308 | D:2      | Reached XP level 3. HP: 28/28 MP: 2/6
   535 | D:4      | Noticed letownia2's ghost (weakling DDNe)
   666 | D:4      | Reached XP level 4. HP: 21/36 MP: 0/7
   690 | D:4      | HP: 1/36 [orc wizard/magic dart (1)]
   702 | D:4      | Learned a level 3 spell: Vampiric Draining
  1000 | D:4      | Noticed a crocodile
  1443 | D:3      | Reached XP level 5. HP: 24/42 MP: 4/8
  1590 | D:3      | Reached skill level 1 in Armour
  2159 | D:4      | Killed a crocodile
  2159 | D:4      | Reached XP level 6. HP: 27/49 MP: 0/10
  2374 | D:5      | Entered Level 5 of the Dungeon
  2392 | D:5      | Found an iron altar of Okawaru.
  2392 | D:5      | Noticed a yak
  2443 | D:5      | Killed a yak
  2443 | D:5      | Reached skill level 1 in Fighting
  2618 | D:5      | HP: 1/52 [water moccasin skeleton (6)]
  2619 | D:5      | Reached XP level 7. HP: 1/60 MP: 12/12
  2816 | D:5      | Found a shattered altar of Ashenzari.
  2817 | D:5      | Noticed a two-headed ogre
  2940 | D:5      | Noticed Edmund
  2992 | D:5      | Killed Edmund
  3102 | D:5      | Found Xoixkagg's Antique Weapon Shop.
  3272 | D:5      | Found a sparkling altar of Nemelex Xobeh.
  3703 | D:5      | Reached XP level 8. HP: 22/68 MP: 9/14
  3877 | D:6      | Found a sparkling altar of Nemelex Xobeh.
  4136 | D:6      | Noticed Blork the orc
  4146 | D:6      | Killed Blork the orc
  4901 | D:7      | Reached skill level 5 in Spellcasting
  5171 | D:7      | Found a staircase to the Ecumenical Temple.
  5184 | Temple   | Entered the Ecumenical Temple
  5389 | D:7      | Found Futhumet's Distillery.
  5634 | D:2      | Noticed Sigmund
  5636 | D:2      | Found a bloodstained altar of Trog.
  5643 | D:2      | Killed Sigmund
  5643 | D:2      | Reached skill level 1 in Evocations
  6304 | D:3      | Found a faded altar of an unknown god.
  6661 | D:3      | Reached skill level 5 in Fighting
  7521 | D:4      | Killed letownia2's ghost
  7681 | D:7      | Gained mutation: You passively map the area around you. [Deep Dwarf growth]
  7681 | D:7      | Reached XP level 9. HP: 62/81 MP: 17/17
  7682 | D:7      | Noticed Ymberto's ghost (novice HuHu)
  9043 | D:8      | Found a sacrificial altar of Ru.
  9050 | D:8      | Found an iron altar of Okawaru.
  9052 | D:8      | Found a white marble altar of Elyvilon.
  9198 | D:8      | Found a runed door.
  9284 | D:8      | Found a hide-covered altar of Uskayaw.
  9364 | D:8      | Found a runed door.
  9717 | D:9      | Found a stormy altar of Qazlal.
  9723 | D:9      | Found a hazy altar of Hepliaklqana.
  9723 | D:9      | Found a burning altar of Makhleb.
  9723 | D:9      | Found a bloodstained altar of Trog.
  9725 | D:9      | Found a hide-covered altar of Uskayaw.
  9726 | D:9      | Found an opulent altar of Gozag.
  9727 | D:9      | Found a basalt altar of Yredelemnul.
  9729 | D:9      | Became a worshipper of Gozag Ym Sagoz the Greedy
 10121 | D:9      | Found Ragaari's General Store.
 10243 | D:9      | Noticed a two-headed ogre
 10255 | D:9      | Killed a two-headed ogre
 10255 | D:9      | Reached XP level 10. HP: 27/92 MP: 11/22
 10407 | D:8      | Reached skill level 5 in Armour
 10792 | D:9      | Found an iron altar of Okawaru.
 10895 | D:9      | Learned a level 2 spell: Shroud of Golubria
 10898 | D:9      | Learned a level 2 spell: Song of Slaying
 10902 | D:9      | Learned a level 3 spell: Spectral Weapon
 10919 | D:10     | Entered Level 10 of the Dungeon
 10955 | D:10     | Reached skill level 10 in Necromancy
 11262 | D:10     | Found Iwiumm's Distillery.
 11568 | D:10     | Bought a +2 executioner's axe of chopping for 378 gold pieces
 11641 | D:11     | Found a staircase to the Orcish Mines.
 11742 | D:11     | Reached skill level 1 in Charms
 11851 | D:11     | Reached skill level 1 in Translocations
 11894 | D:11     | Reached XP level 11. HP: 79/99 MP: 3/23
 11897 | D:11     | Reached skill level 1 in Hexes
 12640 | D:11     | Found a staircase to the Lair.
 13874 | Orc:1    | Entered Level 1 of the Orcish Mines
 13874 | Orc:1    | Found Naxt's Magic Scroll Shop.
 13874 | Orc:1    | Noticed an orc knight
 13941 | Lair:1   | Entered Level 1 of the Lair of Beasts
 13984 | Lair:1   | Reached skill level 1 in Axes
 14004 | Lair:1   | Noticed a five-headed hydra
 14027 | Lair:1   | Found a labyrinth entrance.
 14046 | Lair:1   | Reached skill level 2 in Axes
 14057 | Lab      | Entered a labyrinth
 14301 | Lab      | Noticed dstrtn's ghost (novice SpAM)
 14307 | Lab      | Killed dstrtn's ghost
 14512 | Lab      | Noticed a minotaur
 14519 | Lab      | Killed a minotaur
 14519 | Lab      | Reached skill level 3 in Axes
 14541 | Lab      | Got an ichor-stained quarterstaff {flame}
 14544 | Lab      | Identified the Almanac of Ashen Darkness
 14553 | Lab      | Learned a level 3 spell: Conjure Flame
 14556 | Lab      | Learned a level 2 spell: Poisonous Vapours
 14560 | Lab      | Learned a level 3 spell: Mephitic Cloud
 14560 | Lab      | Identified the +8 quarterstaff of the Scroll {flame, rF+ MP+9 Dex+2} (You took it off a minotaur in a labyrinth)
 14663 | Lair:1   | Reached skill level 1 in Conjurations
 14663 | Lair:1   | Reached skill level 1 in Fire Magic
 14663 | Lair:1   | Reached skill level 1 in Air Magic
 14663 | Lair:1   | Reached skill level 1 in Poison Magic
 14918 | Lair:1   | Found a stormy altar of Qazlal.
 15640 | Lair:2   | Reached XP level 12. HP: 96/109 MP: 16/24
 15966 | Lair:2   | Found a hole to the Spider Nest.
 15973 | Lair:2   | Noticed Harold
 15995 | Lair:2   | Killed Harold
 16263 | Lair:2   | Found a staircase to the Shoals.
 16374 | Lair:1   | Killed a five-headed hydra
 17014 | Orc:2    | Entered Level 2 of the Orcish Mines
 17092 | Orc:2    | Noticed a two-headed ogre
 17288 | Orc:2    | Killed a two-headed ogre
 17288 | Orc:2    | Reached skill level 4 in Axes
 17577 | Orc:2    | Reached skill level 5 in Axes
 17814 | Orc:2    | Found a roughly hewn altar of Beogh.
 17849 | Orc:2    | Noticed a two-headed ogre
 17855 | Orc:2    | Reached skill level 6 in Axes
 17867 | Orc:2    | Killed a two-headed ogre
 18132 | Orc:1    | You fall through a shaft!
 18132 | Orc:2    | Found Purig's Food Shoppe.
 18132 | Orc:2    | Noticed an orc high priest
 18140 | Orc:2    | Killed an orc high priest
 18309 | Orc:2    | Noticed an orc warlord
 18439 | Orc:2    | Reached skill level 7 in Axes
 18564 | Orc:2    | Noticed an orc high priest
 18579 | Orc:2    | Killed an orc high priest
 18734 | Orc:2    | Reached XP level 13. HP: 96/118 MP: 24/26
 18895 | Orc:2    | Found a staircase to the Elven Halls.
 19280 | Orc:2    | Found Acaemor's General Store.
 19457 | Orc:2    | Found Gautuq's Antique Armour Shop.
 19614 | Orc:2    | Killed an orc warlord
 19614 | Orc:2    | Reached skill level 8 in Axes
 19753 | Orc:2    | Found a roughly hewn altar of Beogh.
 20262 | Orc:2    | Reached skill level 5 in Dodging
 20283 | Orc:2    | Found Jaubol's Food Emporium.
 20726 | Lair:2   | Bought a scroll labeled KISOKU NIDECH for 32 gold pieces
 20943 | Lair:3   | Reached skill level 9 in Axes
 21279 | Lair:3   | Reached skill level 10 in Axes
 21768 | Lair:2   | Reached skill level 11 in Axes
 22590 | D:12     | Reached skill level 12 in Axes
 22618 | D:12     | Noticed Erolcha
 22625 | D:12     | Killed Erolcha
 22649 | D:12     | Noticed Ymberto's ghost (journeyman HuHu)
 23006 | D:12     | Killed Ymberto's ghost
 23195 | D:12     | Gained mutation: You resist negative energy. (rN+) [Deep Dwarf growth]
 23195 | D:12     | Reached XP level 14. HP: 76/127 MP: 27/27
 24576 | D:13     | Noticed Nessos
 25537 | D:13     | Killed Nessos
 25789 | D:13     | Reached skill level 13 in Axes
 25965 | D:13     | Found a gate to the Vaults.
 26845 | Lair:4   | Reached skill level 5 in Air Magic
 27509 | Lair:2   | Reached skill level 10 in Spellcasting
 27509 | Lair:2   | Reached XP level 15. HP: 106/134 MP: 29/29
 27796 | D:14     | Reached skill level 14 in Axes
 28635 | D:15     | Entered Level 15 of the Dungeon
 28992 | D:15     | Noticed Urug
 29003 | D:15     | Killed Urug
 29479 | Lair:5   | Got a colourful robe
 29490 | Lair:5   | Identified the +1 robe of the Eight Boll Weevils {+Inv rN+ Int+4} (You found it on level 5 of the Lair of Beasts)
 29623 | Lair:5   | Reached skill level 15 in Axes
 29927 | D:15     | Noticed Agnes
 30341 | Lair:6   | Entered Level 6 of the Lair of Beasts
 30397 | Lair:6   | Reached XP level 16. HP: 133/144 MP: 14/30
 30549 | Lair:5   | Noticed Linguinho's ghost (journeyman TrHu)
 31382 | Lair:6   | Reached skill level 16 in Axes
 32121 | Lair:6   | Found a runed door.
 32121 | Lair:6   | Found a viscous altar of Jiyva.
 32122 | Lair:6   | Found a staircase to the Slime Pits.
 33020 | Elf:1    | Entered Level 1 of the Elven Halls
 33272 | Shoals:1 | Entered Level 1 of the Shoals
 33277 | Shoals:1 | Reached skill level 17 in Axes
 34893 | Shoals:1 | Quit the game

Skill      XL: |  1  2  3  4  5  6  7  8  9 10 11 12 13 14 15 16 |
---------------+-------------------------------------------------+-----
Spellcasting   | 2 3 4 5 8 9 10 | 10.3
Necromancy     | 5 6 7 9 11 12 13 14 | 14.7
Armour         | 2 4 5 6 |  6.6
Fighting       | 2 5 6 7 8 9 |  9.1
Evocations     | 2 3 |  3.7
Charms         | 1 3 |  3.2
Translocations | 1 2 |  2.3
Hexes          | 1 |  1.9
Axes           | 3 7 12 13 15 17 | 17.1
Dodging        | 3 5 |  5.0
Conjurations   | 2 |  2.1
Fire Magic     | 2 |  2.0
Air Magic      | 3 4 5 |  5.0
Poison Magic   | 3 4 |  4.0
Stealth        | |  2.4

Action                   |  1- 3 |  4- 6 |  7- 9 | 10-12 | 13-15 | 16-18 || total
-------------------------+-------+-------+-------+-------+-------+-------++-------
Melee: Spear             |     2 |    67 |    14 |       |       |       ||    83
       Flail             |       |       |   218 |   144 |       |       ||   362
       Trident           |       |       |    14 |    58 |       |       ||    72
       Quarterstaff      |       |       |       |   195 |   424 |    73 ||   692
       Executioner's axe |       |       |       |       |    22 |    14 ||    36
       War axe           |       |       |       |       |    29 |    54 ||    83
       Demon trident     |       |       |       |       |       |    29 ||    29
       Battleaxe         |       |       |       |       |       |    27 ||    27
Throw: Throwing net      |       |       |     1 |       |       |       ||     1
       Javelin           |       |       |     6 |    16 |    34 |       ||    56
 Cast: Pain              |    26 |    22 |     4 |     1 |     3 |       ||    56
       Vampiric Draining |       |    32 |   152 |   312 |   518 |   217 ||  1231
       Shroud of Golubri |       |       |       |     9 |       |       ||     9
       Mephitic Cloud    |       |       |       |    27 |    71 |    27 ||   125
       Poisonous Vapours |       |       |       |     6 |    51 |       ||    57
       Conjure Flame     |       |       |       |     6 |    42 |    29 ||    77
Invok: Call Merchant     |       |       |       |     2 |     4 |     1 ||     7
       Potion Petition   |       |       |       |     1 |       |       ||     1
Evoke: Wand              |       |       |     1 |     6 |    11 |     3 ||    21
  Use: Scroll            |       |     1 |    13 |    12 |    10 |     1 ||    37
       Potion            |       |     1 |     1 |     2 |     2 |     2 ||     8
 Stab: Distracted        |       |       |       |     1 |     2 |     1 ||     4
       Confused          |       |       |       |     5 |    13 |    13 ||    31
       Paralysed         |       |       |       |       |     7 |       ||     7
  Eat: Chunk             |       |     8 |    42 |       |     3 |       ||    53
       Royal jelly       |       |       |       |     2 |     5 |     1 ||     8
       Fruit             |       |       |       |    10 |     3 |       ||    13
       Meat ration       |       |       |       |     3 |     4 |     2 ||     9
       Bread ration      |       |       |       |       |     1 |     1 ||     2
Armor: Ring mail         |     2 |    39 |   133 |       |       |    44 ||   218
       Scale mail        |       |       |     4 |   252 |   344 |    77 ||   677
Dodge: Dodged            |     5 |    71 |   231 |   374 |   562 |   344 ||  1587
